 Dungeon Crawl Stone Soup version 0.30-a0-6-g7c9e10e132 (webtiles) character file.

Game seed: 9375442484894400100

3 Setbun the Trooper (level 1, -12/20 HPs)
             Began as a Djinni Cinder Acolyte on Aug 22, 2022.
             Was a High Priest of Ignis.
             Mangled by a goblin
             ... wielding a +1 dagger of electrocution
              (17 damage)
             ... on level 1 of the Dungeon.
             The game lasted 00:00:14 (201 turns).

Setbun the Trooper (Djinni Cinder Acolyte)           Turns: 201, Time: 00:00:15

Health: -12/20     AC:  2    Str: 13    XL:     1   Next: 55%
Gold:   0          EV: 11    Int: 15    God:    Ignis [*****.] SH:  0 Dex:  8

rFire   + + +      SeeInvis .    a - -1 falchion (flame)
rCold   x . .      Faith    .    (no shield)
rNeg    . . .      Spirit   .    b - +0 robe
rPois   ∞          Reflect  .    (no helmet)
rElec   .          Harm     .    (no cloak)
rCorr   .          Rampage  .    (no gloves)
Will    .....                    (boots unavailable)
Stlth   +.........               (no amulet)
HPRegen 0.06/turn                (no ring)
MPRegen 0.00/turn                (no ring)

@: flying
A: sickness immunity, fire resistance 2, cold vulnerability 1, float, innate
caster, HP casting, extra vitality 1
a: Renounce Religion, Fiery Armour, Foxfire Swarm, Rising Flame


You were on level 1 of the Dungeon.
You worshipped Ignis.
Ignis was extremely pleased with you.
You visited 1 branch of the dungeon, and saw 1 of its levels.

Inventory:

Hand Weapons
 a - a -1 falchion of flaming (weapon)
Armour
 b - a +0 robe (worn)
Scrolls
 c - a scroll of identify {unknown}
 d - a scroll of blinking {unknown}


   Skills:
 - Level 3.0 Fighting
 - Level 2.6 Long Blades
 * Level 2.6 Spellcasting


You had 3 spell levels left.
You knew the following spells:

 Your Spells              Type           Power      Damage    Failure   Level
a - Scorch                Fire           18%        2d6       11%         2
Your spell library was empty.

Dungeon Overview and Level Annotations

Branches:
Dungeon (1/15)

Altars:


Innate Abilities, Weirdness & Mutations

You are immune to sickness and miasma.
You are immune to poison.
Your flesh is very heat resistant. (rF++)
You are vulnerable to cold. (rC-)
You float through the air rather than walking.
You learn spells naturally, not from books.
Your magical power is your life essence.
You have superior vitality. (+4 MHP)


Message History

An endoplasm comes into view.
An endoplasm is nearby!
An endoplasm is nearby!
The endoplasm quivers.
Found a scroll labelled SUPNICHIMUTH.
You aren't experienced enough to cast this spell.
An endoplasm is nearby!
You completely miss the endoplasm. The endoplasm barely misses you.
The endoplasm closely misses you.
You hit the endoplasm. You burn the endoplasm.
You kill the endoplasm!
Found a robe.
d - a scroll labelled SUPNICHIMUTH You see here a +0 robe.
A goblin comes into view.
It is wielding a +1 dagger of electrocution.
The goblin shouts!
The goblin moves out of view.
A rat comes into view.
The goblin hits you with a +1 dagger of electrocution.
You hit the goblin but do no damage.
The goblin hits you with a +1 dagger of electrocution.
You closely miss the goblin.
The goblin hits you with a +1 dagger of electrocution.
You are too injured to fight recklessly!
You are too injured to fight recklessly!
You are too injured to fight recklessly!
You are too injured to fight recklessly!
You are too injured to fight recklessly!
You are too injured to fight recklessly!
You are too injured to fight recklessly!
You are too injured to fight recklessly!
There are monsters nearby!
You barely miss the goblin. The goblin misses you.
You barely miss the goblin.
An endoplasm comes into view.
The goblin hits you with a +1 dagger of electrocution. x2
* * * LOW HITPOINT WARNING * * *
You are electrocuted!
Ouch! That really hurt!
You die...

#. .# .. .J #.#.#
#...## #.....
.r..# #g#.# #@#.#
.. #######.#.#
....###.........#
#.............###
#######.#######
#.# #.# #.####
#....#


You could see an endoplasm (wandering), a goblin and a rat.

Vanquished Creatures
  An endoplasm (D:1)
  A giant cockroach (D:1)
  A ball python (D:1)
3 creatures vanquished.

Vanquished Creatures (others)
  A plant (D:1)
1 creature vanquished.

Grand Total: 4 creatures vanquished

Notes
Turn   | Place    | Note
-------+----------+-------------------------------------------
     0 | D:1      | Setbun the Djinni Cinder Acolyte began the quest for the
                  | Orb.
     0 | D:1      | Setbun set off with the following spells memorised: Scorch.
     0 | D:1      | Reached XP level 1. HP: 20/20 MP: 0/0
   201 | D:1      | Mangled by a goblin

Illustrated notes

Levels and vault maps discovered:
D:1:      roderic_crop_circles_arrival_small, layout_loops_ring,
          chequers_serial_rivers_small_3, hex_tiny

Action                   || total
-------------------------++-------
Melee: Falchion          ||    13
Armor: Robe              ||     1
Dodge: Dodged            ||     6

Table legend: (Time is in decaauts)
 A = Elapsed time spent in this place.
 B = Non-inter-level travel time spent in this place.
 C = Inter-level travel time spent in this place.
 D = Time resting spent in this place.
 E = Time spent auto-exploring this place.
 F = Levels seen in this place.
 G = Mean time per level.
                   A        B        C        D        E       F      G
               +--------+--------+--------+--------+--------+-----+--------+
         Total |    202 |    202 |      0 |      0 |    175 |   1 |  202.0 |
       Dungeon |    202 |    202 |      0 |      0 |    175 |   1 |  202.0 |
               +--------+--------+--------+--------+--------+-----+--------+

Top non-repeatable levels by time:
     D:1: 202 daAuts
